[Event "Susha Chess Blitz Women 2022"]
[Site "Shusha"]
[Date "2022.09.24"]
[Round "6"]
[White "Zawadzka, Jolanta"]
[Black "Arabidze, Meri"]
[Result "0-1"]
[ECO "B47"]
[WhiteElo "2401"]
[BlackElo "2422"]
[Annotator "TA"]
[PlyCount "70"]
[EventDate "2022.09.24"]
[EventType "tourn"]
[EventCountry "AZE"]
[SourceTitle "playchess.com"]
[Source "ChessBase"]
[SourceQuality "1"]
[TimeControl "180+2"]

1. e4 c5 2. Nf3 e6 3. d4 cxd4 4. Nxd4 Nc6 5. Nc3 Qc7 6. Qd3 {[%emt 0:00:01] B47: Sicilian: Taimanov: 5 Nc3 Qc7 6 f4, 6 g3 and 6 Be2.} a6 7. Nxc6 bxc6 {[%emt 0:00:06] 7...Qxc6 is the modern continuation.} 8. Qg3 {[%emt 0:00:01] White is slightly better.} Qxg3 9. hxg3 e5 10. Be3 Nf6 {[%emt 0:00:02] [#]} 11. O-O-O $146 ({Predecessor:} 11. Bc4 Bb4 12. f3 d5 13. Bb3 d4 14. a3 Ba5 15. Bd2 dxc3 16. bxc3 O-O 17. g4 {1-0 (37) Sochacki,W (2324)-Couve,M (1489) Europe Echecs INT 2022}) 11... Bb4 (11... Ng4 $1 $11) 12. f3 d5 13. exd5 Bxc3 14. bxc3 cxd5 15. g4 {[%emt 0:00:11] Black must now prevent g5.} Be6 16. Bd3 Nd7 17. Rde1 (17. Bxh7 $6 g6 $11) (17. Rxh7 Rxh7 18. Bxh7 g6 $15) 17... Ke7 18. Bd2 (18. Bxh7 g6 $11) (18. Rxh7 Rxh7 19. Bxh7 g6 $17) ({Better is} 18. g5 $14) 18... h6 $1 $11 19. c4 dxc4 20. Bb4+ Kf6 21. Be4 Rab8 22. Bd6 Rb6 23. Bc7 {[%emt 0:00:01] This bishop pair is nice.} Rb5 24. Rh5 (24. a4 $11 {keeps the balance.} Rb4 25. Bc6) 24... Rc8 $17 25. Bd6 (25. a4 $17 Rb4 26. Ba5 Rxa4 27. Bc3) 25... c3 $19 26. Bd3 (26. a3 $142) 26... Rb2 $2 (26... Rb6 $19 27. f4 e4 28. Be5+ Nxe5 29. fxe5+ Ke7 30. Rxe4 Rcb8) 27. f4 $2 {[%emt 0:00:08][%mdl 8192] [#]} (27. Rhxe5 $11 {and White has nothing to worry.} g6 28. Ra5 (28. Bxa6 $2 Rc6 $19)) 27... g6 $1 {[%emt 0:00:01] The board is on fire.} ({Worse is} 27... Bxg4 28. Rhxe5 Be6 29. f5 $11) (27... Bxa2 28. fxe5+ Ke6 29. Kd1 $19 (29. Bf5+ $2 Kd5 $19)) 28. Bxe5+ $2 (28. g5+ Kg7 29. Rh4) 28... Nxe5 29. Rhxe5 Rxa2 30. g5+ Kg7 31. gxh6+ Kxh6 (31... Kh7 $142 32. Kb1 Rb8+ 33. Rb5 axb5 34. Be4 Rb2+ 35. Kc1 Ba2 36. Kd1 Rb1+ 37. Ke2 Bc4+ 38. Kf3 Rxe1 39. Bc6 Re2 40. Be4 Re1 41. Bc6 Re2 42. g3 Rxc2 43. f5 Re2 44. Bd5 c2 45. fxg6+ fxg6 46. Bxc4 bxc4 47. Kxe2 c1=Q 48. Kf3 Rf8+ 49. Ke4 Rf5 50. Kd4 Qc2 51. g4 Qd3#) 32. Kb1 Rb8+ {[%emt 0:00:03] Black mates.} 33. Bb5 Rxb5+ 34. Rxb5 axb5 35. Rxe6 Rb2+ {[%emt 0:00:01] Weighted Error Value: White=1.01/Black=0.32} ({Not} 35... fxe6 36. Kxa2 g5 37. fxg5+ Kxg5 38. Kb3 $11) 0-1

[Event "Susha Chess Blitz Women 2022"]
[Site "Shusha"]
[Date "2022.09.24"]
[Round "6"]
[White "Mammadova, Gulnar"]
[Black "Dzagnidze, Nana"]
[Result "1-0"]
[ECO "B90"]
[WhiteElo "2382"]
[BlackElo "2526"]
[Annotator "TA"]
[PlyCount "74"]
[EventDate "2022.09.24"]
[EventType "tourn"]
[EventCountry "AZE"]
[SourceTitle "playchess.com"]
[Source "ChessBase"]
[SourceQuality "1"]
[TimeControl "180+2"]

1. e4 c5 2. Nf3 d6 3. d4 cxd4 4. Nxd4 Nf6 5. Nc3 a6 6. h3 e5 7. Nde2 h5 {[%emt 0:00:04] B90: Sicilian Najdorf: Unusual White 6th moves, 6 Be3 Ng4 and 6 Be3 e5.} 8. Bg5 Be6 9. Bxf6 Qxf6 {[%emt 0:00:08] The position is equal.} 10. Nd5 Qd8 11. Nec3 g6 12. Bc4 Bh6 13. O-O O-O 14. Bb3 Nd7 {[%emt 0:00:23] [#]} 15. f4 $146 (15. a4 $142) ({Predecessor:} 15. a4 Kg7 16. a5 Rc8 17. Ba2 Qg5 18. Qf3 Qd8 19. Qd1 Qg5 {½-½ (19) Cornejo,W (2569)-Nickel,A (2630) ICCF email 2015}) 15... exf4 $11 16. Nxf4 Bxf4 17. Rxf4 Qb6+ (17... Bxh3 $11 {is more appropriate.} 18. Qxd6 (18. Bxf7+ Rxf7 19. Rxf7 Kxf7 $17) 18... Qg5) 18. Kh1 $14 Ne5 19. Nd5 Bxd5 20. Qxd5 Kg7 21. Raf1 Qc7 22. Rf6 Rad8 23. c3 b5 24. Qd4 {[%emt 0:00:12] [#] Rxf7+ is the strong threat.} Qc5 (24... Rd7 $14) 25. Qxc5 {[%emt 0:00:15] White is more active.} ({White should play} 25. Rxf7+ $1 $16 Rxf7 26. Rxf7+ Kh8 27. Rb7 Qxd4 28. cxd4) 25... dxc5 $11 26. Bd5 a5 27. Ra6 (27. b3 $1 $14 {was preferrable.}) 27... a4 28. Rb6 Rb8 29. Ra6 h4 30. Ra7 Rb6 31. Rc7 c4 32. Re7 Rf6 33. Rxf6 Kxf6 34. Rb7 Nd3 (34... Kg5 $11 {remains equal.}) 35. Rxb5 $16 Nf2+ $2 {[%emt 0:00:03] [#]} (35... Rc8 $16) 36. Kg1 $18 Nd1 37. Bxc4 {[%emt 0:00:03] Strongly threatening e5+.} Ne3 {[%emt 0:00:00] Weighted Error Value: White=0.16 (very precise) /Black=0.23 (precise)} (37... Re8 $142 38. Rb6+ Kg7) 1-0

[Event "Susha Chess Blitz Women 2022"]
[Site "Shusha"]
[Date "2022.09.24"]
[Round "6"]
[White "Balajayeva, Khanim"]
[Black "Efroimski, Marsel"]
[Result "1/2-1/2"]
[ECO "B22"]
[WhiteElo "2379"]
[BlackElo "2462"]
[Annotator "TA"]
[PlyCount "203"]
[EventDate "2022.09.24"]
[EventType "tourn"]
[EventCountry "AZE"]
[SourceTitle "playchess.com"]
[Source "ChessBase"]
[SourceQuality "1"]
[TimeControl "180+2"]

1. e4 c5 2. c3 Nf6 3. e5 Nd5 4. d4 cxd4 5. Nf3 Nc6 6. cxd4 d6 7. Bc4 Nb6 8. Bb5 dxe5 9. Nxe5 Bd7 10. Nxd7 Qxd7 11. Nc3 e6 12. O-O Rd8 13. Be3 a6 14. Bxc6 Qxc6 15. Rc1 Nd5 16. Ne4 Qd7 (16... Nxe3 $5 17. Qd3 $8 Nc2 $11) 17. Qf3 Be7 18. Nc5 Bxc5 19. dxc5 O-O 20. Rfd1 Qa4 21. Bd4 (21. a3 $11) 21... Qxa2 $15 22. Qg4 g6 23. Qg3 f6 24. h4 e5 25. Bc3 (25. Be3 $17) 25... Nxc3 $2 ({Black should try} 25... Nf4 $19 26. Qg4 h5) 26. Qxc3 $15 Qf7 27. b4 Qe7 28. h5 Rxd1+ 29. Rxd1 Rd8 30. Rxd8+ Qxd8 31. hxg6 hxg6 32. Qc4+ Kg7 33. Qe6 $1 Qd1+ 34. Kh2 Qh5+ 35. Kg1 Qd1+ 36. Kh2 Qd8 37. g4 g5 38. c6 bxc6 39. Qxc6 Qe7 40. Qxa6 Qxb4 41. f3 Qd2+ 42. Kh3 Qd7 43. Kg3 Qc7 44. Kg2 Kf7 45. Qa2+ Kg7 46. Qa6 Qe7 47. Qc4 Qd6 48. Qa4 Qd2+ 49. Kh3 Qd5 50. Kg2 Qb7 51. Qc4 Qf7 52. Qc5 Qe8 53. Qd6 e4 54. Qc7+ Kh6 55. Qc3 exf3+ 56. Qxf3 Kg7 57. Qb7+ Qf7 58. Qe4 Qc7 59. Kh3 Qc3+ 60. Kg2 Qe5 61. Qb7+ Kg6 62. Qb1+ Kf7 63. Qb7+ Ke6 64. Qc8+ Kd6 65. Qb8+ Kd5 66. Qb5+ Ke6 67. Qe8+ Kd6 68. Qb8+ Kc5 69. Qa7+ Kc4 70. Qa4+ Kd3 71. Qd1+ Ke4 72. Qe2+ Kd5 73. Qb5+ Kd4 (73... Ke6 $5 74. Qc6+ Ke7 $17) 74. Qb2+ Kc4 75. Qa2+ Kd3 76. Qb1+ $1 Kd2 77. Qa2+ Kc1 78. Qc4+ Kd1 79. Qd3+ Ke1 80. Qb1+ Ke2 (80... Kd2 $5 81. Qa2+ Kd3 82. Qb1+ Kd2 $17) 81. Qc2+ Ke3 82. Qc1+ Ke4 83. Qe1+ Kd5 84. Qa5+ Ke6 85. Qb6+ Kf7 86. Qb7+ Qe7 87. Qb3+ Kg7 88. Qd3 Qe6 89. Kg3 Qe7 90. Qb3 Kf8 91. Qb8+ Kf7 92. Qb3+ Qe6 93. Qb7+ Ke8 94. Qb8+ Ke7 95. Qc7+ Qd7 96. Qc3 Qd6+ 97. Kh3 Ke6 98. Qe3+ Qe5 99. Qb6+ Kf7 100. Qb3+ Kg6 101. Qg8+ Kh6 102. Qh8+ 1/2-1/2

[Event "Susha Chess Blitz Women 2022"]
[Site "Shusha"]
[Date "2022.09.24"]
[Round "6"]
[White "Beydullayeva, Govhar"]
[Black "Fataliyeva, Ulviyya"]
[Result "0-1"]
[ECO "D17"]
[WhiteElo "2346"]
[BlackElo "2408"]
[Annotator "TA"]
[PlyCount "72"]
[EventDate "2022.09.24"]
[EventType "tourn"]
[EventCountry "AZE"]
[SourceTitle "playchess.com"]
[Source "ChessBase"]
[SourceQuality "1"]
[TimeControl "180+2"]

1. d4 d5 2. c4 c6 3. Nf3 Nf6 4. Nc3 dxc4 5. a4 Bf5 6. Ne5 e6 7. Nxc4 Bb4 8. e3 (8. f3 $11) 8... O-O {[%emt 0:00:14] D17: Slav Defence: 5 a4 Bf5: Lines with 6 Nh4 and 6 Ne5.} 9. Be2 c5 10. O-O cxd4 {[%emt 0:00:01] Black is slightly better.} 11. exd4 Nc6 12. Be3 Nd5 13. Rc1 Rc8 14. Qb3 {[%emt 0:00:02] [#]} Bxc3 $146 ({Predecessor:} 14... b6 15. Rfd1 Be7 16. Nxd5 Qxd5 17. Bf3 Be4 18. Bxe4 Qxe4 19. Qb5 Nb4 20. Qd7 Qd5 21. Qxe7 Rxc4 22. Rxc4 Qxc4 {½-½ (44) Nguyen,T (1935)-Nguyen,D (2127) Ho Chi Minh City 2013}) 15. bxc3 Be4 16. Rfd1 ({Wrong is} 16. Qxb7 $2 Rb8 $1 17. Qxc6 Nxc3 $1 18. Qxe4 Nxe4 $19) 16... Nxe3 17. Nxe3 Na5 18. Qb4 Nc6 19. Qb2 Qg5 20. Qb5 f5 21. Bd3 a6 22. Qb2 ({And not} 22. Qxb7 Nxd4 $1 23. Bxe4 Ne2+ 24. Kf1 Nxc1 25. Rxc1 fxe4 26. Qxe4 Qf4 27. Qxf4 Rxf4 $17) (22. Qb3 $14) 22... Bxd3 $11 23. Rxd3 f4 24. Nf1 f3 25. g3 (25. Ne3 $11) 25... Ne7 $2 (25... Qf5 $19 26. d5 Qxd3 27. dxc6 bxc6) 26. Qd2 ({Better is} 26. Nd2 $1 $16) 26... Qh5 (26... Qf5 $11 27. Qd1 (27. Ne3 Qh3 $11) 27... Rc4) 27. Re1 $2 (27. h4 $14) 27... Qh3 $19 28. Ne3 {[%emt 0:00:01] Prevents Qg2+.} Nd5 29. Qa2 Kh8 (29... Rf6 $142 30. Qe2 fxe2 31. Rxe2 Nf4 $1 ) 30. Rf1 Rxc3 $2 (30... Rf6 31. Qc4 Rxc4 32. Rd2 Rh6 $1 33. Re1 Qxh2+ 34. Kf1 Qh1#) 31. Rxc3 $17 Nxc3 32. Qb2 $2 (32. Qa3 $17 Rc8 33. Kh1) 32... Ne2+ $19 33. Kh1 h6 $2 (33... Rf6 {mates} 34. Qb5 Qxh2+ 35. Kxh2 Rh6+ 36. Qh5 Rxh5#) 34. Rd1 $2 {[%emt 0:00:03][%mdl 8192] [#]} (34. Qxb7 $11 Nxd4 35. Rc1) 34... Rf5 $1 {[%emt 0:00:01][%cal Oh3h2][%mdl 512] ( -> ...Qxh2+!)} 35. d5 (35. g4 Rf4) 35... Rh5 36. Nf1 Qg2# {[%emt 0:00:01] Weighted Error Value: White=1.67/Black=0.71} 0-1

[Event "Susha Chess Blitz Women 2022"]
[Site "Shusha"]
[Date "2022.09.24"]
[Round "6"]
[White "Ozturk Orenli, Kubra"]
[Black "Mammadzada, Gunay"]
[Result "0-1"]
[ECO "D10"]
[WhiteElo "2319"]
[BlackElo "2473"]
[Annotator "TA"]
[PlyCount "82"]
[EventDate "2022.09.24"]
[EventType "tourn"]
[EventCountry "AZE"]
[SourceTitle "playchess.com"]
[Source "ChessBase"]
[SourceQuality "1"]
[TimeControl "180+2"]

1. d4 d5 2. c4 c6 3. cxd5 cxd5 4. Bg5 Nc6 5. Nf3 Qb6 6. Nc3 {[%emt 0:00:07] D10: Slav Defence: 3 cxd5 (without early Nf3) and 3 Nc3.} e6 7. Qd2 {[%emt 0:00:19] [#]} Nge7 $146 ({Predecessor:} 7... Bd7 8. e3 a6 9. Rc1 Na5 10. Bd3 Bb4 11. O-O Ne7 12. Bxe7 Bxe7 13. e4 dxe4 14. Nxe4 {0-1 (33) Tomilova,E (2353)-Huda,M (2128) Chess.com INT 2020}) 8. e3 {[%emt 0:00:21] The position is equal.} Ng6 $1 9. Nh4 Bd7 10. Nxg6 hxg6 11. Bf4 Rc8 12. Be2 Na5 13. O-O Nc4 14. Bxc4 Rxc4 15. Rac1 Bd6 (15... Qa5 {is more appropriate.}) 16. Bxd6 Qxd6 17. g3 g5 {[%emt 0:00:13] [#]} 18. Ne4 $1 Qe7 {[%emt 0:00:04] And now ...Rxc1 would win.} 19. Rxc4 dxc4 20. f4 (20. d5 $14) 20... gxf4 $11 21. exf4 Bc6 22. Nc3 O-O 23. Qe2 {[%emt 0:00:01] [#]} (23. f5 $11 {keeps the balance.}) 23... b5 $1 $17 24. Qe5 b4 25. Ne4 f6 26. Qd6 (26. Qc5 $15 Qd7 27. Re1) 26... Qxd6 $19 27. Nxd6 {[%emt 0:00:01][%mdl 4096] Endgame KRB-KRN} Bd5 ({Better is} 27... c3 $19 {...Rd8 is the strong threat.} 28. bxc3 Rd8) 28. Rc1 $11 c3 29. bxc3 Rd8 30. Nb5 ({White should try} 30. c4 $11) 30... Rb8 (30... Rc8 $1 $15 31. Nxa7 Rxc3) 31. c4 Bxc4 {[%emt 0:00:02][%mdl 64] Remove Defender} 32. Rxc4 Rxb5 {[%emt 0:00:01] KR-KR} 33. Rc8+ Kh7 34. Rc6 Ra5 35. Rxe6 $2 (35. Rc4 $11) 35... Rxa2 $19 36. Re7 a5 37. d5 a4 (37... b3 $142 38. Rb7 b2) 38. d6 (38. Rb7 $142 a3 39. Rxb4) 38... b3 (38... a3 $142 {( -> ...Rd2)} 39. Rb7 Rd2 40. Rxb4 a2) 39. d7 (39. Rb7 $19) 39... Rd2 {[%emt 0:00:01] Black mates.} 40. Kf1 b2 41. Ke1 Rd4 {[%emt 0:00:02] Weighted Error Value: White=0.88/Black=0.53} 0-1

[Event "Susha Chess Blitz Women 2022"]
[Site "Shusha"]
[Date "2022.09.24"]
[Round "7"]
[White "Efroimski, Marsel"]
[Black "Fataliyeva, Ulviyya"]
[Result "1/2-1/2"]
[ECO "C09"]
[WhiteElo "2462"]
[BlackElo "2408"]
[Annotator "TA"]
[PlyCount "61"]
[EventDate "2022.09.24"]
[EventType "tourn"]
[EventCountry "AZE"]
[SourceTitle "playchess.com"]
[Source "ChessBase"]
[SourceQuality "1"]
[TimeControl "180+2"]

1. e4 e6 2. d4 d5 3. Nd2 c5 4. Ngf3 Nc6 5. exd5 exd5 6. Bb5 Bd6 7. dxc5 Bxc5 8. Nb3 Bb6 9. O-O Nge7 10. Re1 O-O {[%emt 0:00:08] C09: French Tarrasch: 3...c5 4 exd5 exd5 5 Ngf3 Nc6.} 11. h3 h6 12. Be3 (12. c3 {is more complex.} Nf5 13. a4 a6 14. Bd3) 12... Bxe3 {[%emt 0:00:18] White is slightly better.} 13. Rxe3 a6 14. Bf1 {[%emt 0:00:08] [#]} Qb6 $146 ({Predecessor:} 14... Nf5 15. Rd3 Be6 16. Nbd4 Qf6 17. c3 Rad8 18. Qb3 Bc8 19. Rad1 Nfe7 20. Re3 Ng6 {0-1 (37) Tomb,M (2084)-Indjic,A (2607) Chess.com INT 2021}) 15. c3 Bf5 16. Bd3 Be6 (16... Rad8 $14 {might be stronger.}) 17. Nbd4 Nxd4 18. Nxd4 {[%emt 0:00:01] Hoping for Qe2.} Qxb2 {[%emt 0:00:10][%mdl 8192] [#]} (18... Nc6 $1 $14) 19. a4 (19. Rb1 $18 {and White stays clearly on top.} Qa3 20. Rxb7) 19... Qb6 (19... Rac8 $16) 20. Rb1 Qc7 21. Nxe6 fxe6 22. Rxe6 Nc6 23. Qh5 {[%emt 0:00:07] Prevents Rae8.} (23. Qg4 $18 {And now Qg6 would win.} Ne5 24. Qg3) 23... Ne7 (23... Qf7 $16 {might work better.} 24. Qg4 (24. Qxd5 Rad8 $17) 24... h5) 24. Qe2 Nf5 (24... Rf7 $142 25. Qe3 Kh8) 25. Bxf5 Rxf5 26. Re7 Qf4 27. Rbxb7 ({Weaker is} 27. Rexb7 Raf8 $16) 27... Qc1+ 28. Kh2 {[%emt 0:00:01] Really sharp!} (28. Qf1 $18 Qxf1+ 29. Kxf1) 28... Qf4+ $16 29. Kg1 {[%emt 0:00:06] White has more active pieces.} (29. g3 $16 Qxf2+ 30. Qxf2 Rxf2+ 31. Kg1) 29... Qc1+ $18 30. Kh2 Qf4+ {[%emt 0:00:01] [#]} 31. Kg1 {Weighted Error Value: White=0.57/Black=0.48} (31. g3 $1 $16 Qxf2+ 32. Qxf2 Rxf2+ 33. Kg1) 1/2-1/2

[Event "Susha Chess Blitz Women 2022"]
[Site "Shusha"]
[Date "2022.09.24"]
[Round "7"]
[White "Zawadzka, Jolanta"]
[Black "Dzagnidze, Nana"]
[Result "1/2-1/2"]
[ECO "B51"]
[WhiteElo "2401"]
[BlackElo "2526"]
[Annotator "TA"]
[PlyCount "95"]
[EventDate "2022.09.24"]
[EventType "tourn"]
[EventCountry "AZE"]
[SourceTitle "playchess.com"]
[Source "ChessBase"]
[SourceQuality "1"]
[TimeControl "180+2"]

1. e4 c5 2. Nf3 d6 3. Bb5+ Nd7 4. O-O a6 5. Bxd7+ Bxd7 6. c3 Nf6 {[%emt 0:00:06] B51: Sicilian: Moscow Variation (3 Bb5+) without 3...Bd7.} 7. Re1 Bg4 8. h3 Bh5 9. d4 e6 10. Nbd2 cxd4 11. cxd4 Be7 12. Nf1 O-O (12... d5 $5 13. e5 Ne4 $11) 13. Ng3 Bg6 {[%emt 0:00:15] [#]} 14. Bd2 $146 (14. Qb3 $11) ({Predecessor:} 14. Bg5 h6 15. Bxf6 Bxf6 16. e5 Be7 17. exd6 Qxd6 18. Ne5 Bh7 19. Qg4 f5 20. Qe2 {0-1 (63) Qiu,M (2149)-Gu,X (2219) Fuling 2022}) 14... Rc8 (14... d5 $15) 15. Qb3 $11 d5 16. e5 {[%emt 0:01:09] [#]} (16. Ne5 $11) 16... Ne4 $1 $17 17. Be3 Nxg3 18. fxg3 Qd7 19. Rac1 {[%emt 0:00:04] Inhibits Bc2.} h6 20. g4 Rxc1 21. Rxc1 Rc8 22. Rc3 b5 23. a3 {[%emt 0:00:19] Against b4} Rc4 24. Nd2 Rc6 25. Kh2 f6 ({Black should try} 25... Rb6 $17 26. Rc1 b4 27. axb4 Bxb4) 26. Nf3 Be4 27. Bf4 Rc4 28. exf6 Bxf6 {[%emt 0:00:03] aiming for ...Bxf3. This bishop pair is nice.} ({But not} 28... gxf6 29. Rxc4 dxc4 30. Qe3 $11) 29. Be5 Qf7 (29... Bxf3 $17 30. Rxf3 Bxe5+ 31. dxe5 d4) 30. Rxc4 dxc4 31. Qe3 Bd5 32. g5 hxg5 33. Nxg5 Qg6 34. h4 ({White should play} 34. Bxf6 $1 $15 gxf6 35. Nf3) 34... Qf5 $2 ({Better is} 34... Qc2 $19 35. Qg3 Bxe5 36. dxe5 Qxb2) 35. Qg3 {[%emt 0:00:04] [#]} (35. Bxf6 $1 $11 {and White is okay.} gxf6 36. Nh3) 35... Kf8 $2 (35... Bxe5 $1 $19 36. dxe5 Qc2) 36. Bxf6 $11 {[%emt 0:00:04] The position is equal.} gxf6 37. Nf3 Bxf3 38. gxf3 {[%emt 0:00:03][%mdl 4096] Endgame KQ-KQ} Qc2+ 39. Kh3 $1 Qf5+ 40. Kh2 Qc2+ 41. Kh3 $1 Kf7 42. Qc7+ Kg6 43. Qg3+ Kf7 44. Qc7+ Kg6 45. Qg3+ Kh6 {[%emt 0:00:01] Strongly threatening ...Qf5+.} 46. Qf4+ Kg7 47. Qc7+ Kg6 48. Qg3+ {[%emt 0:00:01] Weighted Error Value: White=0.33/Black=0.30} 1/2-1/2

[Event "Susha Chess Blitz Women 2022"]
[Site "Shusha"]
[Date "2022.09.24"]
[Round "7"]
[White "Mammadova, Gulnar"]
[Black "Mammadzada, Gunay"]
[Result "1-0"]
[ECO "B90"]
[WhiteElo "2382"]
[BlackElo "2473"]
[Annotator "TA"]
[PlyCount "61"]
[EventDate "2022.09.24"]
[EventType "tourn"]
[EventCountry "AZE"]
[SourceTitle "playchess.com"]
[Source "ChessBase"]
[SourceQuality "1"]
[TimeControl "180+2"]

1. e4 c5 2. Nf3 d6 3. d4 cxd4 4. Nxd4 Nf6 5. Nc3 a6 6. h3 e6 7. g4 h6 8. Bg2 Be7 {[%emt 0:00:04] B81: Sicilian Scheveningen: Keres Attack.} 9. O-O O-O 10. Be3 Nc6 {[%emt 0:00:03] The position is equal.} 11. Nde2 Bd7 12. Ng3 b5 13. f4 {[%emt 0:00:16] [#]} Nh7 $146 ({Predecessor:} 13... Ne8 14. Qd2 Na5 15. b3 Rc8 16. Nce2 Qc7 17. Rad1 Nc6 18. c3 Bh4 19. Rc1 Ne7 {0-1 (44) Cladouras,P (2385)-Vegh,E (2370) Budapest 1989}) 14. Nce2 Qc7 15. Qd2 Rac8 16. c3 Na5 17. b3 {[%emt 0:00:01] Prevents Nc4.} Bc6 18. g5 hxg5 19. fxg5 g6 20. h4 d5 (20... Bd7 $14) 21. e5 ({Better is} 21. exd5 $16 Bxd5 22. Bxd5) 21... d4 $2 (21... Bd7 $11 {and Black is okay.}) 22. cxd4 {[%emt 0:00:11] [#] Hoping for Rac1.} Bxg2 23. Kxg2 Qb7+ 24. Kh2 {[%emt 0:00:06] Active counter play!} Nc6 25. h5 (25. Rad1 $142) 25... Nb4 26. Rac1 $36 {[%emt 0:00:12][%mdl 2048] Prevents Rc2. White is in control.} Nd5 {[%emt 0:00:04] [#]} 27. Ne4 $1 Nxe3 $2 {[%emt 0:00:07] This costs Black the game.} (27... Rxc1 $16 28. Nxc1 (28. Qxc1 Rc8 $11) (28. Rxc1 gxh5 29. Nf6+ Kh8 $16) 28... gxh5) 28. Qxe3 $18 b4 (28... Rxc1 $142 29. Rxc1 Rc8) 29. Nf6+ Kg7 30. Kg3 (30. d5 $142) 30... Rxc1 31. Rxc1 {Weighted Error Value: White=0.45/Black=0.46} ({Don't do} 31. Nxc1 $6 gxh5 32. Nd3 (32. Nxh5+ Kh8 $16) (32. Qe2 Bxf6 33. gxf6+ Kh8 $14) 32... Qc6 $18) 1-0

[Event "Susha Chess Blitz Women 2022"]
[Site "Shusha"]
[Date "2022.09.24"]
[Round "7"]
[White "Balajayeva, Khanim"]
[Black "Ozturk Orenli, Kubra"]
[Result "0-1"]
[ECO "C47"]
[WhiteElo "2379"]
[BlackElo "2319"]
[Annotator "TA"]
[PlyCount "42"]
[EventDate "2022.09.24"]
[EventType "tourn"]
[EventCountry "AZE"]
[SourceTitle "playchess.com"]
[Source "ChessBase"]
[SourceQuality "1"]
[TimeControl "180+2"]

1. e4 e5 2. Nf3 Nc6 3. Nc3 Nf6 4. a3 d5 5. Bb5 dxe4 (5... Nxe4 $11 6. Qe2 Nxc3 7. Qxe5+ Be7 8. Qxc3 O-O) 6. Nxe5 $1 $14 {[%emt 0:00:05] C47: Scotch Four Knights and Four Knights with 4 g3.} Bd7 7. Bxc6 Bxc6 8. Nxc6 {[%emt 0:00:03] White is slightly better.} bxc6 9. O-O Bd6 {[%emt 0:00:23] [#]} 10. d3 $146 ({Predecessor:} 10. Re1 O-O 11. Nxe4 Re8 12. d3 Nxe4 13. dxe4 Rxe4 14. Be3 Qh4 15. g3 Qf6 16. c3 {½-½ (28) Komarov,V (1138)-Oberlaender,R (805) LSS email 2017}) 10... exd3 11. Qxd3 {[%emt 0:00:14] And now Re1+ would win.} O-O 12. h3 Be5 13. Qf3 Qd6 14. Bg5 (14. Rd1 $16 Qc5 15. Be3) 14... h6 15. Rad1 Qe6 16. Bc1 Rad8 17. Rfe1 {[%emt 0:00:05] [#] Strongly threatening Bf4.} Rxd1 18. Rxd1 Re8 19. Be3 a6 20. Bd4 Bd6 (20... Bxd4 $11 21. Rxd4 Qe1+ 22. Kh2 Qc1) 21. Bxf6 $4 {[%emt 0:00:15][%mdl 8192] [#]} (21. Kf1 $14) 21... Qe1+ $3 {[%emt 0:00:02][%mdl 576] Back Rank.  Weighted Error Value: White=0.50/Black=0.21 (precise)} 0-1

[Event "Susha Chess Blitz Women 2022"]
[Site "Shusha"]
[Date "2022.09.24"]
[Round "7"]
[White "Beydullayeva, Govhar"]
[Black "Arabidze, Meri"]
[Result "0-1"]
[ECO "E16"]
[WhiteElo "2346"]
[BlackElo "2422"]
[Annotator "TA"]
[PlyCount "98"]
[EventDate "2022.09.24"]
[EventType "tourn"]
[EventCountry "AZE"]
[SourceTitle "playchess.com"]
[Source "ChessBase"]
[SourceQuality "1"]
[TimeControl "180+2"]

1. d4 Nf6 2. c4 e6 3. Nf3 Bb4+ 4. Bd2 Qe7 5. g3 Nc6 6. Bg2 Bxd2+ 7. Qxd2 Ne4 8. Qc2 Qb4+ $1 9. Nbd2 {[%emt 0:00:07] Recently 9.Kf1 got a lot of attention. E11: Bogo-Indian.} (9. Kf1 $142) 9... Nxd2 $1 $11 10. Qxd2 Qxc4 11. O-O {[%emt 0:00:02] Black is slightly better.} O-O 12. Rfc1 Qa6 {[%emt 0:00:10] [#]} 13. e4 $146 {[%emt 0:00:14][%mdl 1024] White has compensation.} ({Predecessor:} 13. b4 Qa4 14. b5 Qxb5 15. Rc5 Qa4 16. Rh5 d5 17. Qf4 Qb4 18. Qh4 h6 19. g4 {0-1 (33) Grochal,J (2302)-Yeletsky,I (2406) Chess.com INT 2019}) 13... d5 14. e5 (14. exd5 $11 {is more appropriate.} exd5 15. Rc5) 14... Qb6 $15 15. Rc3 Ne7 (15... a5 $15) 16. Rb3 $11 Qc6 17. Rc1 $36 {[%emt 0:00:01][%mdl 2048] White is pushing.} Qd7 18. Qc2 c6 19. Ng5 {[%emt 0:00:01][%csl Gg5][%cal Rc2h7] [#]} Ng6 20. h4 h6 21. h5 hxg5 22. hxg6 fxg6 ({Better is} 22... a5 $14) 23. Qxg6 (23. Bf1 $16) 23... Qf7 24. Qc2 g4 {[%emt 0:00:01] Prevents Bf3.} 25. f3 Bd7 26. fxg4 {[%emt 0:00:01] Hoping for Rf1.} b6 $1 27. Rf1 Qe7 28. Rbf3 Rxf3 29. Rxf3 Rf8 30. Qd2 Rxf3 31. Bxf3 $17 {[%emt 0:00:00][%mdl 4096] Endgame KQB-KQB} c5 {[%emt 0:00:00] Prevents b4.} 32. g5 (32. Be2 $15) 32... cxd4 33. Qxd4 Qc5 34. Qxc5 bxc5 {[%emt 0:00:01] KB-KB} 35. Kf2 Kf7 36. Bh5+ Ke7 37. Ke3 Bb5 38. a3 Bc4 (38... a5 $17) 39. Bg6 (39. b4 $1 $11 {was the only way to keep the balance.}) 39... d4+ 40. Ke4 $2 {[%emt 0:00:03] [#]} (40. Kd2 $17) 40... Bd5+ (40... Ba2 $1 $19 {[%cal Ra2b1] is more deadly. Threatens to win with ...Bb1+.} 41. Kf3 Bd5+ 42. Ke2 c4) 41. Kd3 a5 {[%emt 0:00:01] Prevents b4.} (41... Bb3 $17) 42. Bh5 (42. b4 $1 $15 axb4 43. axb4) 42... Kd7 43. Bd1 Kc6 {[%emt 0:00:07] White must now prevent ...Bg2.} 44. Ba4+ Kb6 45. Bd7 Bb3 46. Bc8 $2 (46. Be8 $17) 46... Kc6 $19 47. Ba6 Kd5 48. Bb7+ Kxe5 49. Be4 c4+ {[%emt 0:00:02] Weighted Error Value: White=0.54/Black=0.16 (very precise)} 0-1